 Dungeon Crawl Stone Soup version 0.27-a0-1342-ga99462a43c (webtiles) character file.

Game seed: 1740718773635221739

172 Delamore the Sneak (level 5, -1/54 HPs)
             Began as an Octopode Brigand on June 27, 2021.
             Slain by an orc (6 damage)
             ... on level 3 of the Dungeon.
             The game lasted 00:02:10 (2378 turns).

Delamore the Sneak (Octopode Brigand)               Turns: 2378, Time: 00:02:11

Health: -1/54      AC:  1    Str: 10    XL:     5   Next: 53%
Magic:  5/5        EV: 12    Int: 14    God:
Gold:   82         SH:  0    Dex: 14    Spells: 4/4 levels left

rFire    . . .     SeeInvis .   a - +2 dagger
rCold    . . .     Faith    .   (no shield)
rNeg     . . .     Spirit   .   (helmet restricted)
rPois    .         Reflect  .   (no amulet)
rElec    .         Harm     .   (no ring)
rCorr    .         Rampage  .   (no ring)
Will     .....                  (no ring)
Stlth    ..........             (no ring)
HPRegen  0.18/turn              (no ring)
MPRegen  0.09/turn              (no ring)
                                (no ring)
                                (no ring)

@: berserking, very quick
A: almost no armour, amphibious, 8 rings, camouflage 1, gelatinous body 1,
(nimble swimmer 1), tentacles
a: no special abilities


You were on level 3 of the Dungeon.
You visited 1 branch of the dungeon, and saw 3 of its levels.

You collected 82 gold pieces.

Inventory:

Hand Weapons
 a - a +2 dagger (weapon)
Missiles
 b - 8 poisoned darts (quivered)
 c - 2 curare-tipped darts
 e - 2 boomerangs
 p - 2 throwing nets
Scrolls
 f - a scroll of noise
 g - a scroll of amnesia {unknown}
 h - a scroll of magic mapping {unknown}
 j - a scroll of teleportation
 m - a scroll of enchant armour {unknown}
Potions
 d - a potion of curing
 k - 2 potions of lignification
 n - a potion of mutation {unknown}
 o - a potion of heal wounds {unknown}


   Skills:
 + Level 3.2 Fighting
 + Level 3.1 Short Blades
 - Level 2.0 Throwing
 - Level 1.0 Dodging
 * Level 7.6 Stealth


You had 4 spell levels left.
You didn't know any spells.
Your spell library contained the following spells:

 Spells                   Type           Power      Damage    Failure   Level
 Confusing Touch          Hex            0%         N/A       65%         3
 Gell's Gravitas          Tloc           0%         N/A       65%         3
 Petrify                  Tmut/Erth      0%         N/A       96%         4
 Metabolic Englaciation   Hex/Ice        0%         N/A       100%        5
 Yara's Violent Unravell  Hex/Tmut       0%         3d3       100%        5


Dungeon Overview and Level Annotations

Branches:
Dungeon (3/15)

Altars:


Innate Abilities, Weirdness & Mutations

You cannot wear most types of armour.
You are amphibious.
You can wear up to eight rings at the same time.
Your skin changes colour to match your surroundings (Stealth+).
Your rubbery body absorbs attacks. (AC +1, EV +1)
((You are camouflaged near water. (Stealth+)))
You have tentacles for arms and can constrict up to eight enemies at once.


Message History

You constrict the orc, but do no damage.
The orc hits you with a +0 hand axe.
The orc hits you with a +2 morningstar of protection!
* * * LOW HITPOINT WARNING * * *
The orc priest closely misses you.
The goblin shouts!
You hit the orc priest. Your grab misses the orc priest.
You squeeze the orc priest.
The orc priest is heavily wounded.
You constrict the orc, but do no damage.
The orc hits you with a +0 hand axe.
* * * LOW HITPOINT WARNING * * *
The orc hits you with a +2 morningstar of protection.
* * * LOW HITPOINT WARNING * * *
The orc priest misses you.
You feel better.
You constrict the orc, but do no damage.
The orc barely misses you. The orc misses you.
The orc priest hits you with a +0 club.
* * * LOW HITPOINT WARNING * * *
A red film seems to cover your vision as you go berserk!
You feel yourself moving faster!
You feel mighty!
You constrict the orc. The orc hits you with a +0 hand axe.
* * * LOW HITPOINT WARNING * * *
The orc barely misses you. The orc priest closely misses you.
You barely miss the orc priest. You grab the orc priest.
You squeeze the orc priest.
The orc priest is severely wounded.
You constrict the orc. You constrict the orc priest.
You puncture the orc priest!
You kill the orc priest!
You constrict the orc, but do no damage.
The orc hits you with a +0 hand axe.
* * * LOW HITPOINT WARNING * * *
The orc closely misses you.
You hit the orc.
You kill the orc!
The frilled lizard completely misses you.
The orc hits you with a +0 hand axe.
You die...

.........#
............#
............#
............#
............#
$...........#
.......g....#
.^.....)l...#
.......@)...#
........o...#
...........?#
#############


You could see an orc, a goblin and a frilled lizard.

Vanquished Creatures
  An orc priest (D:3)
  Terence (D:2)
  4 gnolls (D:2)
  5 adders (D:2)
  A dart slug (D:1)
  An orc (D:3)
  5 ball pythons (D:2)
  2 bats
  5 endoplasms
  3 giant cockroaches
  3 goblins
  A frilled lizard (D:1)
  4 kobolds (D:1)
  4 rats
40 creatures vanquished.

Notes
Turn   | Place    | Note
-------+----------+-------------------------------------------
     0 | D:1      | Delamore the Octopode Brigand began the quest for the Orb.
     0 | D:1      | Reached XP level 1. HP: 14/14 MP: 1/1
    15 | D:1      | Found a faded altar of an unknown god.
   234 | D:1      | Reached XP level 2. HP: 12/19 MP: 2/2
   720 | D:1      | Reached skill level 6 in Stealth
   985 | D:2      | Noticed Terence
   989 | D:2      | Killed Terence
   990 | D:2      | Reached XP level 3. HP: 25/25 MP: 3/3
  1074 | D:2      | Reached XP level 4. HP: 30/30 MP: 4/4
  1353 | D:2      | Reached skill level 7 in Stealth
  1977 | D:2      | Reached XP level 5. HP: 36/36 MP: 5/5
  2378 | D:3      | Slain by an orc

Illustrated notes

Levels and vault maps discovered:
D:1:      erik_arrival_orb_chamber, layout_basic,
          hellmonk_ecumenical_altar_slurped_away
D:2:      layout_loops_cross, minivault_23, minmay_snake_closets, uniq_terence
D:3:      minmay_evil_eye, layout_basic, okawaru_trees_2

Skill      XL: |  1  2  3  4 |
---------------+-------------+-----
Stealth        | 6 7 |  7.6
Fighting       | 3 |  3.2
Short Blades   | 3 |  3.1
Throwing       | |  2.0
Dodging        | |  1.0

Action                   |  1- 3 |  4- 6 || total
-------------------------+-------+-------++-------
Melee: Dagger            |    38 |    45 ||    83
       Constrict         |     7 |    12 ||    19
       Tentacles         |     6 |    11 ||    17
Throw: Dart              |       |     4 ||     4
  Use: Scroll            |     2 |     3 ||     5
       Potion            |       |     2 ||     2
 Stab: Sleeping          |    12 |     3 ||    15
Armor: Skin              |     1 |     4 ||     5
Dodge: Dodged            |    12 |    29 ||    41

Table legend: (Time is in decaauts)
 A = Elapsed time spent in this place.
 B = Non-inter-level travel time spent in this place.
 C = Inter-level travel time spent in this place.
 D = Time resting spent in this place.
 E = Time spent auto-exploring this place.
 F = Levels seen in this place.
 G = Mean time per level.
                   A        B        C        D        E       F      G
               +--------+--------+--------+--------+--------+-----+--------+
         Total |   2366 |   2270 |     96 |    570 |   1431 |   3 |  788.7 |
       Dungeon |   2366 |   2270 |     96 |    570 |   1431 |   3 |  788.7 |
               +--------+--------+--------+--------+--------+-----+--------+

Top non-repeatable levels by time:
     D:2: 1341 daAuts
     D:1: 1012 daAuts
     D:3: 12 daAuts
